 Dungeon Crawl Stone Soup version 0.28-a0-750-g7c675f85b1 (webtiles) character file.

Game seed: 1297737271676745318

73 pokeman the Magician (level 4, -2/25 HPs)
             Began as a Deep Elf Hedge Wizard on Oct 29, 2021.
             Slain by Pargi (5 damage)
             ... in a sewer.
             The game lasted 00:05:04 (2508 turns).

pokeman the Magician (Deep Elf Hedge Wizard)        Turns: 2508, Time: 00:05:05

Health: -2/25      AC:  4    Str:  7    XL:     4   Next: 8%
Magic:  9/13       EV: 12    Int: 20    God:
Gold:   75         SH:  0    Dex: 14    Spells: 2/14 levels left

rFire   . . .      SeeInvis .   a - +2 dagger (venom)
rCold   . . .      Faith    .   (no shield)
rNeg    . . .      Spirit   .   l - +0 leather armour
rPois   .          Reflect  .   c - +0 hat
rElec   .          Harm     .   (no cloak)
rCorr   .          Rampage  .   g - +0 pair of gloves
Will    .....                   (no boots)
Stlth   +.........              (no amulet)
HPRegen 0.08/turn               (no ring)
MPRegen 0.13/turn               (no ring)

@: very slightly contaminated, very slow
A: no striking features
a: no special abilities


You were in a sewer.
You visited 1 branch of the dungeon, and saw 3 of its levels.
You also visited: Sewer.

You collected 75 gold pieces.

Inventory:

Hand Weapons
 a - a +2 dagger of venom (weapon)
Missiles
 m - 5 curare-tipped darts
Armour
 c - a +0 hat (worn)
 g - a +0 pair of gloves (worn)
 l - a +0 leather armour (worn)
Scrolls
 d - a scroll of blinking {unknown}
 f - a scroll of magic mapping {unknown}
 j - a scroll of summoning {unknown}
Potions
 e - a potion of flight {unknown}
 h - 2 potions of curing {unknown}
 i - a potion of berserk rage {unknown}
 k - a potion of lignification {unknown}


   Skills:
 - Level 1.0 Fighting
 - Level 1.0 Armour
 + Level 2.5 Dodging
 - Level 2.4 Stealth
 * Level 5.5 Spellcasting
 + Level 2.1 Conjurations
 + Level 0.6 Hexes
 - Level 1.1 Summonings
 - Level 1.1 Translocations


You had 2 spell levels left.
You knew the following spells:

 Your Spells              Type           Power      Damage    Failure   Level
a - Magic Dart            Conj           52%        1d5       7%          1
b - Mephitic Cloud        Conj/Pois/Air  8%         N/A       36%         3
c - Call Imp              Summ           9%         N/A       16%         2
d - Blink                 Tloc           18%        N/A       16%         2
e - Conjure Flame         Conj/Fire      9%         6-21      30%         3
f - Slow                  Hex            28%        N/A       13%         1

Your spell library contained the following spells:

 Spells                   Type           Power      Damage    Failure   Level


Dungeon Overview and Level Annotations

Branches:
Dungeon (3/15)              Sewer (1/1)

Altars:

Annotations:
Sewer Pargi


Message History

You enter the shallow water.
Moving in this stuff is going to be slow.
Pargi the Meek comes into view.
Pargi shouts!
Casting: Magic Dart (safe; 7% risk of failure)
Confirm with . or Enter, or press ? or * to list all spells.
The spell is extremely dangerous to cast (36% risk of failure)!
Continue anyway?
Okay, then.
Unknown command.
Unknown command.
Casting: Mephitic Cloud (extremely dangerous; 36% risk of failure)
Confirm with . or Enter, or press ? or * to list all spells.
The spell is extremely dangerous to cast (36% risk of failure)!
Continue anyway?
Aiming: Mephitic Cloud (extremely dangerous; 36% risk of failure)
Press: ? - help, Shift-Dir - straight line, f - Pargi
Aim: Pargi (chance to affect: 77%)
You miscast Mephitic Cloud.
You are very lightly contaminated with residual magic.
You feel odd!
You are poisoned.
Ouch! That really hurt!
You feel sick.
A frilled lizard comes into view.
Casting: Mephitic Cloud (extremely dangerous; 36% risk of failure)
Confirm with . or Enter, or press ? or * to list all spells.
You blink.
You feel sick.
Unknown command.
You enter the shallow water.
Moving in this stuff is going to be slow.
You feel sick.
Pargi clenches his teeth.
You feel sick. Why would you want to do that?
You feel stable enough to blink again.
You feel sick.
You are no longer poisoned.
Pargi completely misses you. Pargi misses you. Pargi closely misses you.
Pargi looks around nervously.
Pargi bites you.
You die...

#≈≈≈≈≈≈≈≈≈≈≈≈≈≈≈≈≈≈
###≈≈≈≈≈≈≈≈≈≈≈≈≈≈≈.≈≈
#≈≈≈≈≈≈≈≈≈≈≈≈≈≈≈≈#
#≈#≈≈≈≈≈≈≈≈≈..##≈###
≈≈≈≈≈≈≈≈≈≈≈#### ≈#
≈≈≈≈≈≈≈≈≈≈≈≈# .#
≈≈≈≈≈≈≈≈≈≈≈## .#
#≈≈≈≈≈≈≈≈≈T# ≈#
##≈≈≈≈≈≈≈@.# .#
#≈≈≈≈≈≈≈≈≈## .#
#≈≈≈≈≈≈≈≈.#
≈≈≈≈≈≈≈≈≈##
≈≈≈≈≈≈≈≈## ≈≈≈≈≈≈≈≈.#
#≈≈≈≈≈≈≈##
#≈≈≈≈≈≈≈.##
#≈≈≈≈≈≈≈≈.#


You could see Pargi.

Vanquished Creatures
  A hound skeleton (D:2)
  An adder (D:2)
  2 dart slugs
  6 endoplasms (D:1)
  3 giant cockroaches
  4 goblins (D:1)
  4 hobgoblins
  2 jackals (D:2)
  2 quokkas
  4 ball pythons
  5 bats
  3 frilled lizards
  3 kobolds
  6 rats
46 creatures vanquished.

Notes
Turn   | Place    | Note
-------+----------+-------------------------------------------
     0 | D:1      | pokeman the Deep Elf Hedge Wizard began the quest for the
                  | Orb.
     0 | D:1      | Reached XP level 1. HP: 10/10 MP: 7/7
   420 | D:1      | Reached XP level 2. HP: 15/15 MP: 2/9
   786 | D:1      | Found a faded altar of an unknown god.
   949 | D:1      | Reached skill level 5 in Spellcasting
  1244 | D:2      | Reached XP level 3. HP: 18/20 MP: 11/11
  1248 | D:2      | Learned a level 3 spell: Mephitic Cloud
  1251 | D:2      | Learned a level 2 spell: Blink
  1253 | D:2      | Learned a level 1 spell: Slow
  1257 | D:2      | Learned a level 3 spell: Conjure Flame
  1484 | D:2      | Reached skill level 1 in Fighting
  1484 | D:2      | Reached skill level 1 in Armour
  1487 | D:2      | Learned a level 2 spell: Call Imp
  2036 | D:2      | Reached XP level 4. HP: 25/25 MP: 13/13
  2294 | D:3      | Found a glowing drain.
  2339 | Sewer    | Entered a sewer
  2500 | Sewer    | Noticed Pargi
  2508 | Sewer    | Slain by Pargi

Illustrated notes

Levels and vault maps discovered:
D:1:      dpeg_arrival_tiny_f, layout_basic,
          shapermc_ecumenical_altar_starsandcircs, dk_noncrumbling_2
D:2:      layout_rooms, minmay_tripent
D:3:      layout_basic, mainiacjoe_overflow_alcove_2,
          mainiacjoe_overflow_alcove_1, gup_sewer_entry_bowl, serial_shops,
          nicolae_shop_stone, interstate_on_off, corexii_corridor_pit,
          minmay_distorted
Sewer:    sewer_co_pargi_island

Skill      XL: |  1  2  3 |
---------------+----------+-----
Spellcasting   | 5 |  5.5
Fighting       | 1 |  1.0
Armour         | 1 |  1.0
Conjurations   | 2 |  2.1
Dodging        | |  2.5
Stealth        | |  2.4
Hexes          | |  0.6
Summonings     | |  1.1
Translocations | |  1.1

Action                   |  1- 3 |  4- 6 || total
-------------------------+-------+-------++-------
Melee: Dagger            |     9 |     9 ||    18
 Cast: Magic Dart        |   104 |     4 ||   108
       Mephitic Cloud    |       |     1 ||     1
       Blink             |       |     1 ||     1
 Stab: Sleeping          |     1 |       ||     1
Armor: Robe              |     8 |       ||     8
       Leather armour    |       |     2 ||     2
Dodge: Dodged            |    23 |     5 ||    28

Table legend: (Time is in decaauts)
 A = Elapsed time spent in this place.
 B = Non-inter-level travel time spent in this place.
 C = Inter-level travel time spent in this place.
 D = Time resting spent in this place.
 E = Time spent auto-exploring this place.
 F = Levels seen in this place.
 G = Mean time per level.
                   A        B        C        D        E       F      G
               +--------+--------+--------+--------+--------+-----+--------+
         Total |   2525 |   2479 |     46 |    114 |   1941 |   4 |  631.2 |
       Dungeon |   2342 |   2296 |     46 |    114 |   1778 |   3 |  780.7 |
         Sewer |    183 |    183 |      0 |      0 |    163 |   1 |  183.0 |
               +--------+--------+--------+--------+--------+-----+--------+

Top non-repeatable levels by time:
     D:1: 1233 daAuts
     D:2: 854 daAuts
     D:3: 254 daAuts
   Sewer: 183 daAuts
